[Event "Team 45 45 League T70"]
[Site "Internet Chess Club"]
[Date "2016.10.13"]
[Round "6"]
[White "Toalla"]
[Black "olivermx"]
[Result "0-1"]
[WhiteElo "1309"]
[BlackElo "1308"]
[Opening "Réti opening"]
[ECO "A05"]
[Time "19:04:14"]
[TimeControl "2700+45"]

1. Nf3 Nf6 2. g3 e5 3. Nxe5 Bc5 4. e3 O-O 5. Bg2 d6 6. Nf3 Bg4 7. O-O Qd7 8. d4
Bb6 9. c3 Nc6 10. Nbd2 Ne7 11. Nc4 Qe6 12. Nxb6 axb6 13. b3 b5 14. Bb2 h6 15.
Re1 Ne4 16. Rc1 Rxa2 17. Re2 Ng5 18. Rd2 Qf6 19. h3 Bxf3 20. Qf1 Bxg2 21. Kxg2
Qf3+ 22. Kh2 Qe4 23. f4 Nf3+ {White resigns} 0-1

[Event "Team 45 45 League T70"]
[Site "Internet Chess Club"]
[Date "2016.10.12"]
[Round "6"]
[White "Gojira"]
[Black "ChessMaine"]
[Result "0-1"]
[WhiteElo "1646"]
[BlackElo "1518"]
[Opening "Queen's bishop game"]
[ECO "D02"]
[Time "20:26:35"]
[TimeControl "2700+45"]

1. d4 d5 2. Nf3 Nf6 3. Bf4 e6 4. e3 Bd6 5. Ne5 O-O 6. Bd3 c5 7. c3 Qb6 8. b3 c4
9. Bc2 cxb3 10. axb3 Qc7 11. Qd3 Nbd7 12. Nxd7 Bxd7 13. Bg5 Ne4 14. Bh4 f5 15.
c4 Bb4+ 16. Ke2 g5 17. Bg3 Nxg3+ 18. hxg3 Be8 19. Nd2 Bg6 20. Rh6 Kg7 21. Rah1
Bxd2 22. Kxd2 Qa5+ 23. Ke2 Rac8 24. g4 dxc4 25. bxc4 Rh8 26. Qc3 Qxc3 {White
resigns} 0-1

[Event "Team 45 45 League T70"]
[Site "Internet Chess Club"]
[Date "2016.10.15"]
[Round "6"]
[White "seattleblues"]
[Black "guyd52"]
[Result "1-0"]
[WhiteElo "1343"]
[BlackElo "1325"]
[Opening "QGD Slav/Grünfeld: Schlechter variation"]
[ECO "D15"]
[Time "06:05:36"]
[TimeControl "2700+45"]

1. d4 d5 2. Nf3 Nf6 3. c4 c6 4. Nc3 g6 5. Bf4 Nbd7 6. e3 Bg7 7. Be2 O-O 8. O-O
Nh5 9. Bg5 h6 10. Bh4 Bf6 11. Bxf6 Nhxf6 12. Qc2 Kg7 13. Rfe1 Nb6 14. c5 Nbd7
15. Bd3 Qc7 16. e4 e5 17. exd5 exd4 18. d6 Qa5 19. Na4 Nd5 20. a3 N7f6 21. b4
Qd8 22. Nxd4 Bd7 23. Nb2 Re8 24. Nf3 Rxe1+ 25. Rxe1 Qf8 26. Nc4 Re8 27. Nce5 Be6
28. Qb2 Kh7 29. Nd4 Bc8 30. Qd2 Qg7 31. Ndf3 Nd7 32. Nxd7 Rxe1+ 33. Qxe1 Bxd7
34. Ne5 f6 35. Bxg6+ Kg8 36. Bf7+ Kh7 37. Qe4+ f5 38. Qe1 Nf4 39. g3 Be6 40.
Bxe6 Nxe6 41. d7 Qe7 42. Qd1 Nd8 43. Qe1 Kg7 44. f4 Ne6 45. Qd1 Nd8 46. Qd3 Kf6
47. g4 fxg4 48. Qg6# {Black checkmated} 1-0

[Event "Team 45 45 League T70"]
[Site "Internet Chess Club"]
[Date "2016.10.15"]
[Round "6"]
[White "rkjulianjr"]
[Black "yuanbao2007"]
[Result "1-0"]
[WhiteElo "1336"]
[BlackElo "1190"]
[Opening "QGD: 3.Nc3"]
[ECO "D31"]
[Time "07:30:18"]
[TimeControl "2700+45"]

1. d4 d5 2. c4 e6 3. Nc3 Bb4 4. e3 Nf6 5. a3 Ba5 6. b4 Nc6 7. bxa5 Nxa5 8. cxd5
exd5 9. Nf3 Nc6 10. Bd3 O-O 11. O-O Bg4 12. h3 Be6 13. Qc2 Qd6 14. Bd2 Rfe8 15.
Bf5 Ne7 16. Nb5 Qb6 17. Bxe6 fxe6 18. Nxc7 Rec8 19. Rfc1 Ne8 20. Nxa8 Rxc2 21.
Nxb6 Rxc1+ 22. Rxc1 axb6 23. Bb4 Nf5 24. Rc8 Kf7 25. Ne5+ Kf6 26. Rxe8 g5 27.
Rf8+ Kg7 28. Rf7+ Kh6 29. Bf8+ Kh5 30. Rxh7+ Nh6 31. Rxh6# {Black checkmated}
1-0

[Event "Team 45 45 League T70"]
[Site "Internet Chess Club"]
[Date "2016.10.16"]
[Round "6"]
[White "Uku"]
[Black "Toalla"]
[Result "1-0"]
[WhiteElo "1241"]
[BlackElo "1289"]
[Opening "Sicilian: closed"]
[ECO "B23"]
[Time "17:34:38"]
[TimeControl "2700+45"]

1. e4 c5 2. Nc3 e6 3. Bc4 a6 4. a4 Nc6 5. f4 d6 6. Nf3 Nf6 7. d3 d5 8. e5 dxc4
9. exf6 Qxf6 10. dxc4 Nd4 11. O-O Nxf3+ 12. Rxf3 Bd6 13. Ne4 {Black resigns} 1-0

[Event "Team 45 45 League T70"]
[Site "Internet Chess Club"]
[Date "2016.10.16"]
[Round "6"]
[White "tasawyer81"]
[Black "Xbug"]
[Result "1-0"]
[WhiteElo "1112"]
[BlackElo "1029"]
[Opening "King's Indian: London system"]
[ECO "A45"]
[Time "18:32:05"]
[TimeControl "2700+45"]

1. d4 Nf6 2. Bf4 g6 3. Nf3 Bg7 4. e3 d6 5. Bd3 O-O 6. h3 Nbd7 7. Nbd2 b6 8. O-O
Bb7 9. Qe2 c5 10. c3 Rc8 11. e4 e5 12. Bg3 Nh5 13. Bh2 Nhf6 14. dxe5 dxe5 15.
Nxe5 Nxe5 16. Bxe5 Re8 17. Nf3 Nh5 18. Bxg7 Nxg7 19. Rad1 Bxe4 20. Ba6 Bxf3 21.
Qxf3 Qc7 22. Bxc8 Qxc8 23. Rd5 h6 24. Rfd1 Rf8 25. Qf6 Ne6 26. Rd7 Qb8 27. Re7
Qa8 28. Rdd7 Ng5 29. h4 Nh7 30. Qd6 h5 31. Rxa7 Qc8 32. Qxb6 Qf5 33. Qc6 Qb1+
34. Kh2 Qxb2 35. Re8 {Black resigns} 1-0

[Event "Team 45 45 League T70"]
[Site "Internet Chess Club"]
[Date "2016.10.14"]
[Round "6"]
[White "Rbug"]
[Black "WzeroMN"]
[Result "0-1"]
[WhiteElo "936"]
[BlackElo "1152"]
[Opening "French defense"]
[ECO "C00"]
[Time "14:00:51"]
[TimeControl "2700+45"]

1. e4 e6 2. Nc3 d5 3. exd5 exd5 4. g3 Nf6 5. Bg2 c6 6. d4 Bb4 7. Bd2 Qe7+ 8.
Nge2 O-O 9. O-O Bf5 10. a3 Ba5 11. b4 Bb6 12. Bg5 Nbd7 13. Re1 Qd6 14. Bf4 Qe7
15. Bg5 h6 16. Nf4 Qd6 17. Bxf6 Nxf6 18. Re5 Qd7 19. h3 Rae8 20. Rxe8 Rxe8 21.
g4 Bh7 22. Qd2 a6 23. a4 Ne4 24. Nxe4 Bxe4 25. Bxe4 dxe4 26. c3 Re7 27. a5 Bc7
28. c4 Bxf4 29. Qxf4 Qxd4 30. Qb8+ Kh7 31. Rb1 e3 32. fxe3 Qxe3+ 33. Kh1 Qe4+
34. Kh2 Qxb1 35. Qc8 Qb2+ 36. Kh1 Re1# {White checkmated} 0-1

[Event "Team 45 45 League T70"]
[Site "Internet Chess Club"]
[Date "2016.10.13"]
[Round "6"]
[White "mongmong"]
[Black "Innes"]
[Result "1/2-1/2"]
[WhiteElo "1490"]
[BlackElo "1572"]
[Opening "QGD Slav: 4.e3"]
[ECO "D11"]
[Time "18:38:49"]
[TimeControl "2700+45"]

1. d4 d5 2. Nf3 Nf6 3. e3 c6 4. c4 a6 5. Bd3 b5 6. b3 e6 7. Nbd2 Bb4 8. Bb2 Nbd7
9. O-O Bb7 10. Qc2 Rc8 11. Rac1 O-O 12. cxd5 cxd5 13. Qb1 Qe7 14. Rxc8 Rxc8 15.
Rc1 Rxc1+ 16. Qxc1 Bd6 17. Qc2 e5 18. dxe5 Nxe5 19. Nxe5 Bxe5 20. Bxe5 Qxe5 21.
Nf3 Qa1+ 22. Qb1 Qc3 23. Qc2 Qa1+ 24. Qb1 Qc3 25. Qc2 Qa1+ {Game drawn by
repetition} 1/2-1/2

[Event "Team 45 45 League T70"]
[Site "Internet Chess Club"]
[Date "2016.10.16"]
[Round "6"]
[White "SeniorCitizen"]
[Black "guyd52"]
[Result "0-1"]
[WhiteElo "1193"]
[BlackElo "1336"]
[Opening "Pirc: classical system, 5.Be2"]
[ECO "B06"]
[Time "16:06:14"]
[TimeControl "2700+45"]

1. e4 g6 2. d4 Bg7 3. Nf3 d6 4. Nc3 Nf6 5. Be2 O-O 6. O-O Nbd7 7. Be3 e5 8. d5
c6 9. Qd2 Nb6 10. Rad1 cxd5 11. exd5 a6 12. Bg5 Qc7 13. Bxf6 Bxf6 14. Ne4 Bg7
15. Nc3 Bf5 16. Bd3 Bxd3 17. Qxd3 Nc4 18. Rb1 Rfe8 19. Rfe1 b5 20. a3 Bh6 21.
Re4 Bf4 22. g3 Bg5 23. Nxg5 f5 24. Rh4 Qe7 25. Rxh7 Qxg5 26. Rh4 e4 27. Qe2 Ne5
28. Kg2 Nf3 29. Nxe4 Nxh4+ 30. Kf1 Rxe4 31. f4 Qh6 32. Qf2 Rae8 {White resigns}
0-1

[Event "Team 45 45 League T70"]
[Site "Internet Chess Club"]
[Date "2016.10.13"]
[Round "6"]
[White "chips"]
[Black "wildangels"]
[Result "1-0"]
[WhiteElo "1190"]
[BlackElo "1099"]
[Opening "Sicilian defense"]
[ECO "B30"]
[Time "11:03:37"]
[TimeControl "2700+45"]

1. Nf3 c5 2. e4 Nc6 3. d3 e6 4. Nbd2 Nf6 5. g3 c4 6. Bg2 Bc5 7. O-O d5 8. exd5
Nxd5 9. dxc4 Nf6 10. Nb3 Bd6 11. a3 b6 12. Ne5 Bb7 13. Nxc6 Qc7 14. Ncd4 Bxg2
15. Kxg2 Qb7+ 16. Qf3 Ne4 17. Nd2 f5 18. Nxe6 g6 19. Nxe4 fxe4 20. Qe3 Qf7 21.
Qxe4 Kd7 22. Ng5 Qf6 23. Qb7+ Bc7 24. Rd1+ Ke7 25. Qxc7+ Ke8 26. Re1+ Kf8 27.
Ne6+ Kg8 28. Bg5 Qf7 29. Qxf7+ Kxf7 30. Nc7 Rac8 31. Re7+ Kf8 32. Ne6+ Kg8 33.
Bf6 Rxc4 34. Bxh8 Kxh8 35. Re8# {Black checkmated} 1-0

[Event "Team 45 45 League T70"]
[Site "Internet Chess Club"]
[Date "2016.10.16"]
[Round "6"]
[White "oldbookseller"]
[Black "stantheman59"]
[Result "0-1"]
[WhiteElo "1079"]
[BlackElo "1224"]
[Opening "Queen's pawn game"]
[ECO "D05"]
[Time "14:03:51"]
[TimeControl "2700+45"]

1. d4 d5 2. Nf3 e6 3. e3 Nf6 4. Bd3 Nc6 5. Nbd2 Bd6 6. O-O Nb4 7. Be2 O-O 8. c3
Nc6 9. Bd3 e5 10. dxe5 Nxe5 11. Nxe5 Bxe5 12. Nf3 Bg4 13. h3 Bh5 14. Bc2 Ne4 15.
Qd3 Bxf3 16. gxf3 Nf6 17. f4 Bxf4 18. exf4 Re8 19. Bd2 Re7 20. Rad1 Qd7 21. f5
Rae8 22. Bg5 Re4 23. Bxf6 gxf6 24. Qg3+ Kf8 25. Bxe4 Rxe4 26. Qd3 Qxf5 27. Qb5
Qxh3 28. Rxd5 Rg4# {White checkmated} 0-1

[Event "Team 45 45 League T70"]
[Site "Internet Chess Club"]
[Date "2016.10.13"]
[Round "6"]
[White "bobhill"]
[Black "sharky123"]
[Result "1-0"]
[WhiteElo "1917"]
[BlackElo "1855"]
[Opening "Queen's bishop game"]
[ECO "D02"]
[Time "21:00:48"]
[TimeControl "2700+45"]

1. d4 d5 2. Nf3 Nf6 3. Bf4 c5 4. e3 Nc6 5. c3 Qb6 6. Qb3 c4 7. Qxb6 axb6 8. Na3
Bf5 9. Nb5 Ra5 10. a4 Bc2 11. Ne5 Nxe5 12. dxe5 Nh5 13. Be2 Nxf4 14. exf4 e6 15.
O-O Rxa4 16. Nd4 Rxa1 17. Rxa1 Be4 18. Ra8+ Kd7 19. Bd1 g6 20. Ba4+ Kc7 21. Nb5+
Kd7 22. Nd6+ Kc7 23. Ne8# {Black checkmated} 1-0

[Event "Team 45 45 League T70"]
[Site "Internet Chess Club"]
[Date "2016.10.13"]
[Round "6"]
[White "fishhead"]
[Black "otherook"]
[Result "1-0"]
[WhiteElo "1808"]
[BlackElo "1744"]
[Opening "Caro-Kann defense"]
[ECO "B10"]
[Time "17:00:39"]
[TimeControl "2700+45"]

1. e4 c6 2. Nf3 d6 3. d4 Bg4 4. h3 Bh5 5. Bd3 Nd7 6. Nc3 e5 7. g4 Bg6 8. Be3
Ngf6 9. Qd2 Qa5 10. O-O-O O-O-O 11. Nh4 d5 12. Nxg6 hxg6 13. f4 dxe4 14. Nxe4
Qxd2+ 15. Kxd2 Nxe4+ 16. Bxe4 Nf6 17. Bxg6 exd4 18. Bf5+ Kb8 19. Bf2 Nd5 20.
Bxd4 Nxf4 21. Ke3 Nd5+ 22. Kf3 f6 23. c4 c5 24. Bf2 {Black resigns} 1-0

[Event "Team 45 45 League T70"]
[Site "Internet Chess Club"]
[Date "2016.10.16"]
[Round "6"]
[White "Rhel"]
[Black "Goli"]
[Result "1/2-1/2"]
[WhiteElo "1723"]
[BlackElo "1802"]
[Opening "Benoni: classical, 9.O-O"]
[ECO "A73"]
[Time "17:00:25"]
[TimeControl "2700+45"]

1. d4 Nf6 2. c4 g6 3. Nc3 Bg7 4. e4 d6 5. Nf3 O-O 6. Be2 c5 7. d5 e6 8. O-O exd5
9. cxd5 Nbd7 10. Bf4 Qe7 11. Nd2 a6 12. a4 Re8 13. Nc4 Nxe4 14. Nxe4 Qxe4 15.
Qd2 Qxe2 16. Rfe1 Qxc4 17. Rxe8+ Nf8 18. Bxd6 Qh4 19. Bxc5 b6 20. Bxf8 {Game
drawn by mutual agreement} 1/2-1/2

[Event "Team 45 45 League T70"]
[Site "Internet Chess Club"]
[Date "2016.10.17"]
[Round "6"]
[White "roji"]
[Black "jonesey"]
[Result "1-0"]
[WhiteElo "1882"]
[BlackElo "1926"]
[Opening "Queen's pawn: London system"]
[ECO "A45"]
[Time "21:06:58"]
[TimeControl "2700+45"]

1. d4 Nf6 2. Bf4 d6 3. Nf3 g6 4. h3 Bg7 5. e3 O-O 6. c4 Nc6 7. Nc3 Re8 8. Bh2
Bd7 9. Be2 e5 10. O-O exd4 11. exd4 Ne4 12. Nxe4 Rxe4 13. Bd3 Re8 14. Bc2 Qf6
15. Ba4 Re7 16. d5 Na5 17. Bxd7 Rxd7 18. Qa4 {Black resigns} 1-0

[Event "Team 45 45 League T70"]
[Site "Internet Chess Club"]
[Date "2016.10.16"]
[Round "6"]
[White "fledermaus"]
[Black "backrankbrawler"]
[Result "1/2-1/2"]
[WhiteElo "1920"]
[BlackElo "1772"]
[Opening "QGD: Orthodox defense, Bd3 line"]
[ECO "D66"]
[Time "14:01:07"]
[TimeControl "2700+45"]

1. Nf3 Nf6 2. c4 e6 3. Nc3 d5 4. d4 c6 5. Bg5 Be7 6. e3 Nbd7 7. Rc1 O-O 8. Bd3
a6 9. cxd5 exd5 10. O-O Re8 11. Qc2 Nf8 12. Ne5 Ne4 13. Bxe7 Qxe7 14. Nxe4 dxe4
15. Bc4 Be6 16. a3 Bxc4 17. Nxc4 Nd7 18. Na5 Nf6 19. b4 Nd5 20. Qc5 Qd7 21. Nc4
Re6 22. Nd2 f5 23. g3 g5 24. Qc2 Rae8 25. Rfe1 Rh6 26. Nc4 f4 27. exf4 Qh3 28.
f3 gxf4 29. Qg2 Qxg2+ 30. Kxg2 exf3+ 31. Kxf3 Rxe1 32. Rxe1 Kf8 33. gxf4 Rxh2
{Game drawn by mutual agreement} 1/2-1/2

[Event "Team 45 45 League T70"]
[Site "Internet Chess Club"]
[Date "2016.10.16"]
[Round "6"]
[White "cayo89"]
[Black "LookImYourVader"]
[Result "1/2-1/2"]
[WhiteElo "1721"]
[BlackElo "1785"]
[Opening "Queen's pawn game, Rubinstein (Colle-Zukertort) variation"]
[ECO "A46"]
[Time "16:00:33"]
[TimeControl "2700+45"]

1. d4 Nf6 2. Nf3 e6 3. e3 c5 4. Bd3 d5 5. b3 cxd4 6. exd4 Be7 7. Bb2 O-O 8. O-O
b6 9. Nbd2 Ba6 10. Qe2 Bxd3 11. Qxd3 Nc6 12. a3 Qc7 13. Ne5 Rac8 14. Rac1 Bd6
15. f4 Qe7 16. Ra1 Nd7 17. Rf3 f6 18. Rh3 f5 19. Ndf3 Bxe5 20. fxe5 Rfe8 21. c4
dxc4 22. bxc4 Na5 23. Rc1 Red8 24. Qe2 Nf8 25. Rc2 Qb7 26. Ng5 h6 27. Nf3 Qa6
28. Nd2 Nc6 29. Nf3 Qa4 30. d5 exd5 31. cxd5 Rxd5 32. e6 Ne7 33. Rxc8 Nxc8 34.
e7 Qd1+ 35. Qxd1 Rxd1+ 36. Kf2 Nxe7 37. Rg3 g6 38. Bc3 Nd5 39. Bd2 Kh7 40. Ke2
Ra1 41. Rh3 h5 42. Ng5+ Kg8 43. Rd3 Nf6 44. Rd8 Nd7 45. Bb4 Ra2+ 46. Ke3 Kg7 47.
Bc3+ Kh6 48. Nf7+ Kh7 49. Ng5+ Kh6 50. Nf7+ Kh7 51. Ng5+ {Game drawn by mutual
agreement} 1/2-1/2

[Event "Team 45 45 League T70"]
[Site "Internet Chess Club"]
[Date "2016.10.15"]
[Round "6"]
[White "OzymandiasVII"]
[Black "tightfist"]
[Result "0-1"]
[WhiteElo "1750"]
[BlackElo "1518"]
[Opening "French: Tarrasch, open variation"]
[ECO "C07"]
[Time "21:36:36"]
[TimeControl "2700+45"]

1. e4 e6 2. d4 d5 3. Nd2 c5 4. exd5 Qxd5 5. dxc5 Bxc5 6. Ngf3 Nf6 7. Bc4 Qd6 8.
O-O Nc6 9. c3 O-O 10. b4 Bb6 11. a4 Rd8 12. a5 Bc7 13. Ba3 Ne5 14. Ne4 Nxf3+
{White resigns} 0-1

[Event "Team 45 45 League T70"]
[Site "Internet Chess Club"]
[Date "2016.10.18"]
[Round "6"]
[White "XNPchess"]
[Black "modiglani"]
[Result "1-0"]
[WhiteElo "2036"]
[BlackElo "1794"]
[Opening "Modern defense"]
[ECO "A40"]
[Time "14:00:17"]
[TimeControl "2700+45"]

1. d4 g6 2. Nf3 Bg7 3. Bf4 d6 4. e3 Nd7 5. Bc4 e6 6. O-O Ne7 7. c3 O-O 8. Nbd2
Nb6 9. Bb3 a5 10. a4 Ned5 11. Bg3 Bd7 12. e4 Nf6 13. e5 dxe5 14. Nxe5 Nh5 15.
Ndf3 Nxg3 16. hxg3 Qf6 17. Nd3 Bc6 18. Nfe5 Rfd8 19. Qe2 h5 20. Nc5 Nd5 21. Bc2
h4 22. Be4 Qg5 23. Nf3 Qh5 24. gxh4 Nf4 25. Qe3 Bh6 26. Qe1 Bxe4 27. Nxe4 Qf5
28. Ne5 Nd5 29. f3 Be3+ 30. Kh1 Qh5 31. Ng4 Kg7 32. Nxe3 Nxe3 33. Qxe3 Qxh4+ 34.
Kg1 Rh8 35. Qg5 f6 36. Qxh4 Rxh4 37. Kf2 Rah8 {Black resigns} 1-0

[Event "Team 45 45 League T70"]
[Site "Internet Chess Club"]
[Date "2016.10.16"]
[Round "6"]
[White "LittleButton"]
[Black "anna"]
[Result "1-0"]
[WhiteElo "1835"]
[BlackElo "1794"]
[Opening "Queen's pawn game, Darooha variation "]
[ECO "D02"]
[Time "13:04:29"]
[TimeControl "2700+45"]

1. d4 d5 2. Nf3 Nf6 3. c4 e6 4. cxd5 exd5 5. Nc3 c6 6. Bg5 Be7 7. Qc2 O-O 8. e3
Nbd7 9. Bd3 h6 10. Bh4 Nb6 11. O-O Be6 12. Ne5 Rc8 13. Na4 Nxa4 14. Qxa4 Qb6 15.
b4 a6 16. a3 Rfe8 17. Qc2 Nd7 18. Bxe7 Rxe7 19. f4 Nxe5 20. fxe5 Qd8 21. Rac1
Rec7 22. Qa4 Qg5 23. Rf3 Re8 24. Rg3 Qe7 25. Qd1 Rf8 26. Qh5 Kh8 27. Rf1 a5 28.
Rf6 g6 29. Qxh6+ Kg8 30. Bxg6 {Black resigns} 1-0

[Event "Team 45 45 League T70"]
[Site "Internet Chess Club"]
[Date "2016.10.17"]
[Round "6"]
[White "vjbaker"]
[Black "Harmonicus"]
[Result "0-1"]
[WhiteElo "1821"]
[BlackElo "1943"]
[Opening "Ruy Lopez: four knights (Tarrasch) variation"]
[ECO "C77"]
[Time "20:07:51"]
[TimeControl "2700+45"]

1. e4 e5 2. Nf3 Nc6 3. Bb5 a6 4. Ba4 Nf6 5. Nc3 b5 6. Bb3 Be7 7. d3 d6 8. Nd5
Na5 9. Nxe7 Qxe7 10. O-O O-O 11. Bg5 h6 12. Bh4 Bb7 13. Re1 Rfe8 14. c3 Nxb3 15.
Qxb3 Rad8 16. a4 c6 17. axb5 axb5 18. Ra7 g5 19. Bg3 Ra8 20. Rea1 Kg7 21. c4
bxc4 22. Qxc4 Nh5 23. Ne1 Qc7 24. Qb4 Qb8 25. Rxb7 Rxa1 26. Rxb8 Rxb8 27. Qd2
Rxb2 28. Qe3 Rbb1 29. Kf1 Kg6 30. f3 Nxg3+ 31. hxg3 Rxe1+ 32. Qxe1 Rxe1+ 33.
Kxe1 g4 34. f4 f5 35. fxe5 dxe5 36. Ke2 fxe4 37. dxe4 Kf6 38. Kd3 Ke7 39. Kc3
Kd7 40. Kd3 Kc7 41. Kc3 Kb6 42. Kc2 Kc5 43. Kc3 Kb5 44. Kb3 Kc5 45. Kc3 h5 46.
Kd3 Kb4 47. Kd2 Kc4 48. Ke3 Kc3 49. Ke2 Kd4 50. Kd2 Kxe4 51. Ke2 c5 52. Kf1 Ke3
53. Ke1 c4 54. Kf1 Kd2 55. Kf2 c3 56. Kg1 Ke2 57. Kh1 Kf1 58. Kh2 c2 59. Kh1
c1=Q 60. Kh2 e4 61. Kh1 Kf2+ 62. Kh2 Qg1# {White checkmated} 0-1

[Event "Team 45 45 League T70"]
[Site "Internet Chess Club"]
[Date "2016.10.16"]
[Round "6"]
[White "timothysmall56"]
[Black "ausya"]
[Result "0-1"]
[WhiteElo "1694"]
[BlackElo "1679"]
[Opening "Sicilian: accelerated fianchetto, exchange variation"]
[ECO "B34"]
[Time "20:06:19"]
[TimeControl "2700+45"]

1. e4 c5 2. Nf3 g6 3. d4 cxd4 4. Nxd4 Nc6 5. Nxc6 bxc6 6. Qd4 f6 7. Bc4 e6 8.
O-O d5 9. exd5 cxd5 10. Bb5+ Bd7 11. Bxd7+ Qxd7 12. Re1 Bg7 13. Nc3 Ne7 14. Na4
e5 15. Qb4 O-O 16. b3 Rab8 17. Qd2 Nf5 18. Ba3 Rfd8 19. Rad1 Nd4 20. Bc5 Ne6 21.
Ba3 Rbc8 22. c4 Nd4 23. cxd5 Qxd5 24. Qe3 Rc2 25. Bb2 Ne2+ 26. Qxe2 Rxe2 {White
resigns} 0-1